 Dungeon Crawl Stone Soup version 0.23.1 (webtiles) character file.

Game seed: 0

18874 glosham the Bludgeoner (level 13, -12/99 HPs)
             Began as a Formicid Chaos Knight on Mar 2, 2019.
             Was a Plaything of Xom.
             Mangled by a death scarab (19 damage)
             ... summoned by an orange crystal statue
             ... in a Gauntlet on Mar 8, 2019.
             The game lasted 02:56:54 (6939 turns).

glosham the Bludgeoner (Formicid Chaos Knight)      Turns: 6939, Time: 02:56:54

Health: -12/99     AC: 17    Str: 26      XL:     13   Next: 0%
Magic:  17/22      EV: 11    Int: 15 (17) God:    Xom [..*...]
Gold:   539        SH: 18    Dex: 13      Spells: 12/12 levels left

rFire    . . .     SeeInvis +   a - +7 great mace of Tartarus {freeze, MP+9 Int+4}
rCold    + . .     Gourm    .   Z - +0 large shield
rNeg     . . .     Faith    .   X - +0 plate armour
rPois    +         Spirit   .   (helmet unavailable)
rElec    .         Reflect  .   (no cloak)
rCorr    .         Harm     .   (no gloves)
MR       +....     Clarity  +   W - +2 pair of boots
Stlth    ..........             (no amulet)
HPRegen  0.00/turn              (no ring)
MPRegen  0.18/turn              F - ring of flight

@: mighty, agile
A: permanent stasis, dig shafts and tunnels, four strong arms, antennae 3,
clarity, clumsy 1, cold resistance 1, poison resistance, inhibited regeneration,
wild magic 2
a: Dig, Shaft Self, Renounce Religion, Evoke Flight


You were in a Gauntlet.
You worshipped Xom.
You were a toy of Xom.
You were not hungry.

You visited 2 branches of the dungeon, and saw 11 of its levels.
You also visited: Bailey and Gauntlet.

You collected 769 gold pieces.
You spent 230 gold pieces at shops.

Inventory:

Hand Weapons
 a - the +7 great mace of Tartarus (weapon) {freeze, MP+9 Int+4}
   (You acquired it in a bailey)

   It has been specially enchanted to freeze those struck by it, causing extra
   injury to most foes and up to half again as much damage against particularly
   susceptible opponents.
   It can also slow down cold-blooded creatures.
   It affects your intelligence (+4).
   It affects your magic capacity (+9).
 b - a +6 morningstar of flaming
 c - a +0 arbalest
 d - a +0 glaive
 E - the +2 trident of the Jolly Dances {holy, rPois MR- Dex+5}
   (You found it in a Gauntlet)

   It has been blessed by the Shining One to cause great damage to the undead
   and demons.
   It affects your dexterity (+5).
   It protects you from poison.
   It affects your resistance to hostile enchantments.
Missiles
 v - 38 bolts
 z - 250 arrows
 A - 85 sling bullets
Armour
 M - a +0 leather armour of magic resistance
 R - a +0 troll leather armour
 W - a +2 pair of boots (worn)
 X - a +0 plate armour (worn)
 Z - a +0 large shield (worn)
Jewellery
 C - an uncursed ring of ice
 D - an uncursed ring of fire
 F - a ring of flight (right hand)
Wands
 f - a wand of flame (14)
 g - a wand of digging (4)
 h - a wand of enslavement (8)
 i - a wand of iceblast (1)
 j - a wand of clouds (6)
Scrolls
 l - 4 scrolls of magic mapping
 m - 3 scrolls of fog
 n - a scroll of fear
 o - 2 scrolls of remove curse
 p - 2 scrolls of identify
Potions
 q - a potion of ambrosia
 r - 12 potions of curing
 s - a potion of heal wounds
 t - 2 potions of magic
 u - 2 potions of mutation {!q}
 w - 3 potions of brilliance
 x - 2 potions of agility
 y - 2 potions of might
Miscellaneous
 k - a phantom mirror
Comestibles
 e - 22 rations


   Skills:
 - Level 8.6 Fighting
 * Level 15.0 Maces & Flails
 - Level 8.3 Armour
 - Level 0.8 Dodging
 - Level 9.5 Shields


You had 12 spell levels left.
You didn't know any spells.
Your spell library contained the following spells:

 Spells                   Type           Power        Failure   Level  Hunger
 Beastly Appendage        Tmut           #.....       100%        1    ##.....
 Freeze                   Ice            #...         100%        1    ##.....
 Throw Frost              Conj/Ice       #.....       100%        2    ###....
 Ozocubu's Armour         Chrm/Ice       #.......     100%        3    ####...
 Spider Form              Tmut/Pois      #.........   100%        3    ####...
 Petrify                  Tmut/Erth      #.......     100%        4    #####..
 Summon Ice Beast         Ice/Summ       #.......     100%        4    #####..
 Throw Icicle             Conj/Ice       #.......     100%        4    #####..
 Blade Hands              Tmut           #.........   100%        5    ######.
 Malign Gateway           Summ/Tloc      #.........   100%        7    #######
 Monstrous Menagerie      Summ           #.........   100%        7    #######
 Summon Greater Demon     Summ           #.........   100%        7    #######
 Summon Horrible Things   Summ           #.........   100%        8    #######


Dungeon Overview and Level Annotations

Branches:
Dungeon (10/15)            Temple (0/1) D:6            Lair (1/6) D:8
    Orc (0/2) D:10

Altars:
Ashenzari
Cheibriados
Elyvilon
Hepliaklqana
Kikubaaqudgha
Makhleb
Sif Muna
Uskayaw
Vehumet
Xom

Shops:
D:4 *   D:10 !

Annotations:
Gauntlet 7 transporters, exclusions: lightning spire and orange crystal statue


Innate Abilities, Weirdness & Mutations

You cannot be hasted, slowed, berserked, paralysed or teleported.
You can dig through walls and to a lower floor.
Your four strong arms can wield two-handed weapons with a shield.
You have a pair of large antennae on your head. (SInv)
You possess an exceptional clarity of mind.
You are clumsy. (Dex -2)
Your flesh is cold resistant. (rC+)
Your system is resistant to poisons. (rPois)
You do not regenerate when monsters are visible.
Your spells are harder to cast, but more powerful.


Message History

Unknown command.
You sock the raiju! You freeze the raiju.
The raiju is heavily wounded.
You block the death scarab's attack. You block the raiju's attack.
You miss the raiju.
The raiju is heavily wounded.
The death scarab closely misses you. The raiju bites you but does no damage.
You sock the raiju! You freeze the raiju.
The raiju is severely wounded.
You block the death scarab's attack. You block the raiju's attack.
You closely miss the raiju.
The raiju is severely wounded. "This might be better!"
Your stasis prevents you from teleporting.
Some monsters swap places.
You are now a toy of Xom.
The death scarab bites you but does no damage.
You block the raiju's attack.
Marking area around the orange crystal statue as unsafe for travelling.
You closely miss the raiju.
The raiju is severely wounded.
The death scarab closely misses you. You block the raiju's attack.
You bludgeon the raiju!! You freeze the raiju.
You kill the raiju!
The raiju's corpse dissolves into shadows!
You block the death scarab's attack. x2
You sock the death scarab! You freeze the death scarab.
The death scarab is heavily damaged.
You block the death scarab's attack.
The death scarab bites you but does no damage.
You block the death scarab's attack.
You hit the death scarab. You freeze the death scarab.
The death scarab is severely damaged.
You block the death scarab's attack. The death scarab bites you!!
* * * LOW HITPOINT WARNING * * *
Xom is mildly amused.
The death scarab draws strength from your injuries!
The death scarab bites you!!
You die...
Xom giggles madly!

#########################
.......................≈#
........................###
########...###########..#8#
......##.8.#.........#..###
######©#...#.#.##.##.#..#
#.....######.#.§#{§.=#..#####
.###..##...#.##s##.#.#..#≈8≈#
#.©.##.#©.©#..#§@s8§©#..#...#
####.#.#...#..##s##§!#..#.8.#
....##.#####...#§.#.§#..#...##
####...#...#.#.##.##.#..#.8...
.......#.§.#.........#..#...##
########...###########..#...#
.......§.§§............≈#.©.#
........≈8≈............∩#.....
.........≈.............≈#.©.##


You could see an orange crystal statue and 3 death scarabs.

Vanquished Creatures
  An orc warlord (Bailey)
  A hydra (Lair:1)
  A dancing weapon (D:6)
  An unseen horror (shapeshifter) (Gauntlet)
  Pikel (D:4)
  Psyche (D:9)
  The ghost of Flooderbenga the Cleaver, a novice DrAK of Lugonu (D:6)
  Joseph (D:8)
  2 trolls
  A wind drake (shapeshifter) (Gauntlet)
  Sigmund (D:3)
  5 yaks (D:9)
  A wyvern (D:9)
  A ynoxinul (Gauntlet)
  A hungry ghost (D:9)
  6 orc warriors
  3 ice beasts
  2 phantoms
  2 sky beasts
  A slave (D:5)
  A necrophage (D:8)
  5 ogres
  6 wolves (Lair:1)
  2 centaurs
  A crocodile (Lair:1)
  Blork the orc (D:6)
  5 bullfrogs
  2 gnoll sergeants (D:6)
  A scorpion (D:9)
  A wyvern skeleton (D:6)
  4 howler monkeys
  6 wights
  A centaur zombie (D:5)
  4 bullfrog skeletons
  4 hounds
  2 jellies
  7 orc priests
  4 iguanas
  3 bullfrog zombies
  2 iron imps (Gauntlet)
  Natasha (twice) (D:3)
  7 orc wizards
  12 worker ants
  A killer bee zombie (D:6)
  A hound skeleton (D:6)
  A worker ant zombie (D:8)
  9 adders
  3 gnolls (D:10)
  2 howler monkey skeletons
  3 shadow imps
  2 adder skeletons (D:4)
  An adder zombie (D:5)
  2 worms
  A dart slug (D:2)
  2 leopard geckos (D:9)
  45 orcs
  7 giant cockroaches
  7 goblins
  5 hobgoblins
  15 jackals
  20 kobolds
  2 quokkas
  3 ball pythons
  2 bats
  3 frilled lizards
  A jackal skeleton (D:5)
  A leopard gecko skeleton (D:6)
  9 rats
265 creatures vanquished.

Vanquished Creatures (collateral kills)
  A two-headed ogre (D:8)
  A yak (D:9)
  An orc warrior (Bailey)
  A wight (D:5)
  A bullfrog skeleton (D:4)
  A jelly (D:8)
  An adder (D:4)
  An orc (Bailey)
  A leopard gecko skeleton (D:4)
9 creatures vanquished.

Vanquished Creatures (others)
  A spriggan (D:8)
  A slave (D:5)
  An orc wizard (D:5)
  A worker ant (D:5)
  An adder (D:5)
  An orc (D:5)
  2 jackals (D:5)
8 creatures vanquished.

Grand Total: 282 creatures vanquished

Notes
Turn   | Place    | Note
-------+----------+-------------------------------------------
     0 | D:1      | glosham the Formicid Chaos Knight began the quest for the
                  | Orb.
     0 | D:1      | Reached XP level 1. HP: 18/18 MP: 1/1
     3 | D:1      | You fall through a shaft!
     4 | D:2      | Found a deep blue altar of Sif Muna.
    11 | D:2      | You fall through a shaft for 2 floors!
   199 | D:3      | Found a white marble altar of Elyvilon.
   246 | D:3      | Reached XP level 2. HP: 22/24 MP: 2/2
   259 | D:3      | Noticed a phantom
   266 | D:3      | XOM: divination: detect creatures
   270 | D:3      | XOM: divination: magic mapping
   271 | D:3      | XOM: smoke on damage
   283 | D:3      | XOM: potion effect (might)
   294 | D:3      | XOM: cast spell 'Summon Small Mammal'
   311 | D:3      | XOM: confuse monster(s)
   314 | D:3      | Killed a phantom
   314 | D:3      | Reached skill level 5 in Maces & Flails
   314 | D:3      | Reached XP level 3. HP: 11/29 MP: 3/3
   314 | D:3      | Reached XP level 4. HP: 14/35 MP: 4/4
   314 | D:3      | Reached XP level 5. HP: 16/41 MP: 5/5
   685 | D:1      | XOM: harmless Summ miscast
   704 | D:1      | Found a shattered altar of Ashenzari.
   856 | D:1      | XOM: divination: detect items
  1044 | D:2      | XOM: potion effect (invisibility)
  1071 | D:2      | Reached skill level 1 in Shields
  1142 | D:2      | XOM: harmless Tloc miscast
  1145 | D:1      | XOM: harmless Chrm miscast
  1297 | D:3      | XOM: noise
  1300 | D:3      | Reached XP level 6. HP: 42/47 MP: 6/6
  1418 | D:3      | Noticed Natasha
  1422 | D:3      | Killed Natasha
  1464 | D:3      | Reached skill level 2 in Shields
  1484 | D:3      | XOM: enchant monster (good)
  1506 | D:3      | Reached skill level 6 in Maces & Flails
  1536 | D:3      | Noticed Natasha
  1543 | D:3      | Killed Natasha
  1559 | D:3      | Noticed Sigmund
  1580 | D:3      | XOM: silly message
  1583 | D:3      | Killed Sigmund
  1583 | D:3      | Reached skill level 4 in Fighting
  1583 | D:3      | Reached skill level 3 in Armour
  1583 | D:3      | Reached skill level 3 in Shields
  1583 | D:3      | Reached XP level 7. HP: 38/54 MP: 7/7
  1625 | D:3      | Found a radiant altar of Vehumet.
  1984 | D:4      | XOM: potion effect (might)
  1991 | D:4      | Reached skill level 4 in Shields
  2087 | D:4      | Found Niulom's General Store.
  2092 | D:4      | Bought a scroll of fear for 38 gold pieces
  2092 | D:4      | Bought a scroll of enchant weapon for 82 gold pieces
  2134 | D:4      | XOM: cloud trail
  2175 | D:4      | Reached XP level 8. HP: 61/61 MP: 8/8
  2189 | D:4      | XOM: give mutations
  2189 | D:4      | Gained mutation: Your natural rate of healing is unusually
                  | fast. [Xom's grace]
  2189 | D:4      | Gained mutation: Your system is resistant to poisons.
                  | (rPois) [Xom's grace]
  2189 | D:4      | Gained mutation: Your flesh is cold resistant. (rC+) [Xom's
                  | grace]
  2189 | D:4      | Gained mutation: Your spells are a little harder to cast,
                  | but a little more powerful. [Xom's grace]
  2212 | D:4      | XOM: enchant monster (bad)
  2213 | D:4      | XOM: enchant monster (bad)
  2237 | D:4      | Bought a scroll of fog for 22 gold pieces
  2237 | D:4      | Bought a potion of ambrosia for 88 gold pieces
  2259 | D:5      | Entered Level 5 of the Dungeon
  2269 | D:5      | Reached skill level 7 in Maces & Flails
  2271 | D:5      | Reached skill level 4 in Armour
  2271 | D:5      | Reached skill level 5 in Shields
  2325 | D:5      | XOM: summons friendly quasit
  2423 | D:5      | Noticed Pikel
  2434 | D:4      | XOM: summons 4 hostile demons
  2435 | D:4      | Noticed a red devil
  2437 | D:4      | XOM: confusion
  2468 | D:4      | Killed Pikel
  2468 | D:4      | Reached skill level 5 in Fighting
  2468 | D:4      | Reached skill level 8 in Maces & Flails
  2468 | D:4      | Reached skill level 6 in Shields
  2468 | D:4      | Reached XP level 9. HP: 41/68 MP: 9/9
  2487 | D:5      | Reached skill level 5 in Armour
  2547 | D:5      | XOM: scenery: create altars
  2776 | D:5      | Found a hide-covered altar of Uskayaw.
  2800 | D:5      | Found a hazy altar of Hepliaklqana.
  2828 | D:6      | Found an ancient bone altar of Kikubaaqudgha.
  2895 | D:6      | XOM: god gift: 16 gold pieces
  2971 | D:6      | XOM: confusion (+ monsters)
  3131 | D:6      | XOM: cast spell 'Metabolic Englaciation'
  3134 | D:6      | XOM: fog
  3138 | D:6      | Reached skill level 6 in Fighting
  3170 | D:6      | Noticed Blork the orc
  3182 | D:6      | Killed Blork the orc
  3213 | D:6      | Found a runed translucent door.
  3213 | D:6      | Found a shimmering altar of Xom.
  3213 | D:6      | Noticed Flooderbenga's ghost (novice DrAK)
  3215 | D:6      | Noticed a +0 rapier of chaos
  3292 | D:6      | XOM: chaos upgrade
  3304 | D:6      | Found a shattered altar of Ashenzari.
  3347 | D:6      | XOM: blink monster(s)
  3351 | D:6      | XOM: severe Tmut miscast
  3362 | D:6      | Gained mutation: You possess an exceptional clarity of
                  | mind. [mutagenic glow]
  3405 | D:6      | Gained mutation: Your spells are harder to cast, but more
                  | powerful. [mutagenic glow]
  3428 | D:6      | Lost mutation: Your natural rate of healing is unusually
                  | fast. [mutagenic glow]
  3463 | D:6      | Found a hazy altar of Hepliaklqana.
  3480 | D:6      | Gained mutation: You are clumsy. (Dex -2) [mutagenic glow]
  3484 | D:6      | Found a staircase to the Ecumenical Temple.
  3524 | D:6      | Gained mutation: You do not regenerate when monsters are
                  | visible. [mutagenic glow]
  3582 | D:6      | XOM: mild Tloc miscast
  3667 | D:5      | You fall through a shaft for 3 floors!
  3709 | D:8      | Reached skill level 9 in Maces & Flails
  3738 | D:8      | XOM: harmless Erth miscast
  3761 | D:8      | XOM: summons 4 hostile demons
  3767 | D:8      | Reached skill level 7 in Shields
  3781 | D:8      | XOM: draining
  3855 | D:8      | Found a burning altar of Makhleb.
  3870 | D:8      | XOM: severe Fire miscast
  3892 | D:8      | Found a staircase to the Lair.
  3913 | D:8      | Found an ancient bone altar of Kikubaaqudgha.
  3915 | D:8      | Found an ancient bone altar of Kikubaaqudgha.
  3915 | D:8      | Found a shadowy altar of Dithmenos.
  3917 | D:8      | Found a burning altar of Makhleb.
  3917 | D:8      | Found a shimmering altar of Xom.
  3917 | D:8      | Found a blossoming altar of Fedhas.
  4086 | D:7      | Reached skill level 6 in Armour
  4114 | D:7      | Reached XP level 10. HP: 31/77 MP: 10/10
  4155 | D:7      | Found a snail-covered altar of Cheibriados.
  4408 | D:7      | XOM: draining
  4697 | D:8      | XOM: medium Chrm miscast
  4700 | D:8      | Reached skill level 7 in Fighting
  4756 | D:8      | XOM: enchant monster (bad)
  4757 | D:8      | Reached skill level 10 in Maces & Flails
  4771 | D:8      | Noticed Joseph
  4791 | D:8      | Killed Joseph
  4791 | D:8      | Reached skill level 8 in Shields
  4825 | D:8      | Noticed a two-headed ogre
  4828 | D:8      | Killed a two-headed ogre
  4828 | D:8      | Reached skill level 7 in Armour
  5130 | D:9      | XOM: harmless Erth miscast
  5149 | D:9      | Noticed Psyche
  5158 | D:9      | Killed Psyche
  5158 | D:9      | Reached XP level 11. HP: 75/86 MP: 11/11
  5254 | D:9      | XOM: scenery: create altars
  5430 | D:9      | XOM: summons 1 hostile shadow creature
  5463 | D:9      | Reached skill level 8 in Fighting
  5466 | D:9      | XOM: polymorph iguana -> scorpion
  5529 | D:9      | Reached skill level 11 in Maces & Flails
  5529 | D:9      | Reached skill level 9 in Shields
  5545 | D:9      | XOM: summons 6 friendly demons
  5611 | D:10     | Entered Level 10 of the Dungeon
  5624 | D:10     | Reached skill level 8 in Armour
  5774 | D:10     | Found Fotauc's Distillery.
  5803 | D:10     | Found a flagged portal.
  5854 | Bailey   | Entered a bailey
  5859 | Bailey   | Noticed an orc warlord
  6088 | Bailey   | Found a runed translucent gate.
  6088 | Bailey   | Found a runed translucent gate.
  6088 | Bailey   | Found a runed translucent gate.
  6160 | Bailey   | Killed an orc warlord
  6175 | Bailey   | Reached skill level 14 in Maces & Flails
  6175 | Bailey   | Reached XP level 12. HP: 94/94 MP: 12/12
  6182 | Bailey   | Identified a scroll of acquirement
  6183 | Bailey   | Identified the +7 great mace of Tartarus {freeze, MP+9
                  | Int+4} (You acquired it in a bailey)
  6186 | Bailey   | Identified the Handbook of Mutagenic Contamination
  6290 | D:10     | XOM: medium Tmut miscast
  6348 | D:10     | Found a staircase to the Orcish Mines.
  6482 | D:6      | Killed a +0 rapier of chaos
  6487 | D:6      | XOM: summons 2 friendly demons
  6489 | D:6      | Killed Flooderbenga's ghost
  6497 | D:6      | You fall through a shaft for 3 floors!
  6527 | Lair:1   | Entered Level 1 of the Lair of Beasts
  6593 | Lair:1   | XOM: potion effect (invisibility)
  6645 | Lair:1   | Noticed a seven-headed hydra
  6648 | Lair:1   | XOM: silly message
  6649 | Lair:1   | Killed a seven-headed hydra
  6700 | Lair:1   | Found a gate leading to a gauntlet.
  6736 | Gauntlet | Entered a Gauntlet
  6736 | Gauntlet | Found a transporter.
  6736 | Gauntlet | Found a transporter.
  6736 | Gauntlet | Found a transporter.
  6736 | Gauntlet | Noticed a sixfirhy
  6756 | Gauntlet | Found a transporter.
  6758 | Gauntlet | Found a transporter.
  6766 | Gauntlet | Found a transporter.
  6770 | Gauntlet | Found a transporter.
  6786 | Gauntlet | Found a transporter.
  6801 | Gauntlet | Found a transporter.
  6804 | Gauntlet | Found a transporter.
  6808 | Gauntlet | Found a transporter.
  6818 | Gauntlet | Found a transporter.
  6835 | Gauntlet | Noticed an unseen horror
  6850 | Gauntlet | XOM: harmless Pois miscast
  6860 | Gauntlet | Killed an unseen horror
  6860 | Gauntlet | Reached skill level 15 in Maces & Flails
  6897 | Gauntlet | Identified the +2 trident of the Jolly Dances {holy, rPois
                  | MR- Dex+5} (You found it in a Gauntlet)
  6912 | Gauntlet | Reached XP level 13. HP: 99/99 MP: 13/13
  6935 | Gauntlet | XOM: swap monsters
  6939 | Gauntlet | HP: 7/99 [death scarab[an orange crystal statue] (21)]
  6939 | Gauntlet | Mangled by a death scarab

Skill      XL: |  1  2  3  4  5  6  7  8  9 10 11 12 |
---------------+-------------------------------------+-----
Maces & Flails | 5 6 8 9 10 14 15 | 15.0
Shields        | 1 3 4 6 7 8 9 |  9.5
Fighting       | 4 5 6 7 8 |  8.6
Armour         | 3 4 6 7 8 |  8.3
Dodging        | |  0.8

Action                   |  1- 3 |  4- 6 |  7- 9 | 10-12 | 13-15 || total
-------------------------+-------+-------+-------+-------+-------++-------
Melee: Mace              |    50 |   174 |    33 |       |       ||   257
       Morningstar       |       |       |   375 |   306 |       ||   681
       Great mace        |       |       |       |    70 |    16 ||    86
 Fire: Shortbow          |       |       |       |     5 |       ||     5
 Abil: Shaft Self        |     2 |       |     1 |     1 |       ||     4
       Dig               |       |    19 |    33 |    68 |       ||   120
       Evoke Flight      |       |       |       |     2 |       ||     2
Evoke: Wand              |       |       |     4 |     6 |     1 ||    11
  Use: Scroll            |       |     9 |     8 |    12 |     2 ||    31
       Potion            |       |       |     2 |     1 |     2 ||     5
 Stab: Confused          |     1 |       |     1 |     2 |       ||     4
       Invisible         |       |     6 |       |       |       ||     6
       Petrified         |       |     5 |       |       |       ||     5
       Paralysed         |       |       |     1 |       |       ||     1
       Distracted        |       |       |     1 |     2 |       ||     3
  Eat: Chunk             |       |     6 |    15 |    21 |     1 ||    43
Armor: Plate armour      |    23 |    78 |   236 |   109 |     3 ||   449
       Leather armour    |     4 |       |       |       |       ||     4
Dodge: Dodged            |    11 |     1 |    55 |    32 |     2 ||   101
Block: Large shield      |       |    67 |   349 |   263 |    18 ||   697

Table legend:
 A = Turns spent in this place as a percentage of turns spent in the entire game.
 B = Non-inter-level travel turns spent in this place as a percentage of non-inter-level travel turns spent in the entire game.
 C = Inter-level travel turns spent in this place as a percentage of turns spent in this place.
 D = Turns resting spent in this place as a percentage of non-inter-level travel turns spent in this place.
 E = Turns spent auto-exploring this place as a percentage of non-inter-level travel turns spent in this place.
 F = Non-inter-level travel turns spent in this place divided by the number of levels of this place that you've seen.
                   A       B       C       D       E      F
               +-------+-------+-------+-------+-------+----------------------
         Total | 100.0 | 100.0 |   2.8 |   0.9 |   0.0 | 518.6
       Dungeon |  88.9 |  88.6 |   3.2 |   1.1 |   0.0 | 597.4
          Lair |   3.0 |   3.1 |   0.0 |   0.0 |   0.0 | 209.0
        Bailey |   5.1 |   5.3 |   0.0 |   0.0 |   0.0 | 356.0
      Gauntlet |   2.9 |   3.0 |   0.0 |   0.0 |   0.0 | 203.0
               +-------+-------+-------+-------+-------+----------------------

Table legend:
 A = Kills in this place as a percentage of kills in entire the game.
 B = Kills by you in this place as a percentage of kills by you in the entire game.
 C = Kills by friends in this place as a percentage of kills by friends in the entire game.
 D = Other kills in this place as a percentage of other kills in the entire game.
 E = Experience gained in this place as a percentage of experience gained in the entire game.
 F = Experience gained in this place divided by the number of levels of this place that you have seen.
                   A       B       C       D       E      F
               +-------+-------+-------+-------+-------+----------------------
         Total | 100.0 | 100.0 | 100.0 | 100.0 | 100.0 | 1316.1
       Dungeon |  84.7 |  84.8 |  77.8 | 100.0 |  70.2 | 1200.5
          Lair |   3.6 |   3.8 |   0.0 |   0.0 |  11.4 | 1952.0
        Bailey |   9.8 |   9.5 |  22.2 |   0.0 |  10.6 | 1809.0
      Gauntlet |   1.8 |   1.9 |   0.0 |   0.0 |   7.8 | 1343.0
               +-------+-------+-------+-------+-------+----------------------

Levels and vault maps discovered:
D:1:      mainiacjoe_arrival_reflecting_pool, layout_loops_cross,
          nicolae_ashenzari_panopticon
D:2:      layout_basic, nicolae_overflow_crystal_walls
D:3:      cheibrodos_pilgrimage, layout_basic, marbit_many_paths,
          lemuel_doored_altar, minmay_cut_off, uniq_sigmund, uniq_natasha
D:4:      layout_basic, first_ration, serial_shops, shop,
          minmay_misc_feat_pillars
D:5:      layout_rooms, lemuel_crystal_altar, basic_altar, minmay_puff,
          uniq_pikel
D:6:      layout_layer_cave, lemuel_crystal_altar, kennysheep_mini_moat,
          lemuel_crystal_altar, minmay_temple_entry_antechambers, serial_undead,
          serial_undead_d, serial_undead_e, serial_undead_b, serial_undead_b,
          serial_undead_f, ebering_ghost_xom, sword_in_stone
D:7:      layout_basic, lemuel_round_altar
D:8:      layout_gridville, overflow_temple_1_default, doesnt_xom_only_xom,
          lair_entry_dummy, the_bakery, chequers_serial_rivers_micro_c,
          minmay_fractal_squares_5, uniq_joseph
D:9:      layout_long_grid, kennysheep_path_1, uniq_psyche
D:10:     layout_rooms, david_orc_2, serial_shops, shop, enter_bailey_7
Lair:1:   layout_cave_shapes, gauntlet_entry_generic, grunt_megastairs_4
Bailey:   bailey_axe_bossmonster_kennysheep, bailey
Gauntlet: gammafunk_gauntlet_hard_choice [gammafunk_gauntlet_arena_split_x,
          nicolae_gauntlet_arena_t_cross, gammafunk_gauntlet_arena_spirals,
          gammafunk_gauntlet_arena_mazey, nicolae_gauntlet_arena_grate_2,
          gammafunk_gauntlet_arena_chambers, gauntlet_exit_hidden_loot]
